AoeStats
← hightower_208

Arena

508666300Analyzed
2v2 RM · 8d ago on Sep 23, 2026· 26m 43s· 4 players
Game mode
Random Map
Map size
Medium (4 player)
Population
200
Speed
Normal
Resources
Standard
Victory
Conquest
Starting age
Dark Age
Ending age
Imperial Age
RankedLock teamsTeams togetherTeam positionsShared explorationLock speedFull tech treeHidden civsTurbo modeCheats
Victory
Defeat
🇹🇷 Wu · Türkiye
1738
+13
🇧🇷 Vikings · Brazil
1616
+18
🇩🇪 Saxons · Germany
1684
-16
🇩🇪 Mongols · Germany
1657
-15
hightower_208
9:57 Feudal Age
13:36 Castle Age
12:08 Double-Bit Axe
14:20 Loom
15:20 Stone Mining
15:58 Bow Saw
19:38 Scale Mail Armor
23:51 Wheelbarrow
Mjoelnir
11:17 Feudal Age
14:44 Castle Age
12:44 Horse Collar
13:46 Double-Bit Axe
14:56 Fletching
15:35 Bodkin Arrow
18:21 Padded Archer Armor
23:25 Leather Archer Armor
26:16 Bloodlines
Mr. M
8:18 Feudal Age
8:46 Double-Bit Axe
8:41 Horse Collar
20:04 Loom
22:52 Fletching
Çıkmaz Sokak
9:31 Feudal Age
13:11 Castle Age
11:41 Stone Mining
14:01 Gold Mining
14:58 Fletching
15:21 Double-Bit Axe
16:03 Bodkin Arrow
17:46 Bow Saw
19:01 Red Cliffs Tactics
20:06 Horse Collar
24:11 Padded Archer Armor
24:30 Bow Saw
26:03 Leather Archer Armor
27:01 Wheelbarrow
26:12 Loom
Connection lost

Rejoining the realm…

Still unreachable

The connection could not be restored.

Session expired

The server has moved on; the page needs a fresh start.